← All builds
Geo sea / Cortex / Economy first / OBSERVED BUILD

Standard geo sea

Cortex Geo sea build order · Supreme Isthmus

The role's default economy-first opening: bot lab then shipyard in the cove, early frigate and destroyer with a sub, taking geo on time before transitioning into a mixed navy for the rest of the game.

Usually shipyard in the cove (98%) · geo on time (83%)

#naval #eco · 1321 distinct matches · 173 players · 55% of Cortex Geo sea games · team won 54% of 1468 · Recently observed

HOW TO PLAY IT

Key timing: Bot Lab by 1:12, Shipyard by 3:17

  1. Open 3 mex into wind, then drop Bot Lab in cove.
  2. Finish Bot Lab, keep teching mex and wind.
  3. Get Shipyard up and start pumping subs and frigates.
  4. Eat the Bot Lab for metal once you have T1 units defending.
  5. Push out submarine, frigate, destroyer to contest sea.
  6. Bring geothermal online and transition toward T2 constructor.

Phase by phase

TYPICAL OF ITS 1321 GAMES · AGAINST STANDARD GEO SEA
  1. 1
  2. 2
  3. 3
  4. 4
PLAY THE OPENING

Follow the example game's first 6:00 step by step: what to build now, what comes next, and where it goes. At 1× it keeps pace with your own game.

  1. 1

    Up to the Bot Lab

    Economy
    • Metal Extractor3Mex
    • Wind Turbine3Wind
    • Wind Turbine2Windfor allies+2 vs standard
    Order
    1. Bot LabBot Lab after 3 mex, 3 winddone ~1:12, middle half 1:08–1:21

    By 0:55 in all: 3 mex · 3 wind

    The example game in this phase · 4 steps
    1. Mex ×3
    2. Wind ×2
    3. Wind ×2for Air
    4. Bot LabBot Labdone 1:13 · typical 1:12
  2. 2

    Bot Lab to Shipyard

    Economy
    • Metal Extractor1Mex
    • Wind Turbine2Wind
    Order
    1. ShipyardShipyard after 4 mex, 4 wind, 1 energy storagedone ~3:20, middle half 3:02–3:39
    Builders
    • Graverobber3 Graverobber
    • Construction Bot3 Con bot
    Army
    • Grunt1 Grunt

    Some games also: con turret (48%) · trasher (40%) · energy storage (38%)

    By 2:54 in all: 4 mex · 4 wind · 1 energy storage

    The example game in this phase · 12 steps
    1. GraverobberGraverobber
    2. Construction BotCon bot
    3. Wind
    4. GraverobberGraverobber
    5. Construction BotCon bot
    6. GraverobberGraverobber
    7. Construction BotCon bot
    8. GruntGrunt
    9. TrasherTrasher
    10. Con turret
    11. Mex
    12. ShipyardShipyarddone 3:18 · typical 3:20
  3. 3

    Shipyard to 5:00

    Economy
    • Metal Extractor4Mex
    Order
    1. Bot LabEat Bot Lab
    Builders
    • Construction Ship1 Con ship
    Army
    • Guard1 Guard
    • Riptide1 Frigate
    • Orca1 Submarine
    • Herring1 Missile corvette
    Other
    • Radar Tower1 Radar Tower

    Some games also: wind (48%) · gunboat (44%) · destroyer (43%) · converter (40%) · con turret (30%)

    By 5:00 in all: 8 mex · 6 wind · 1 energy storage · 1 con turret

    The example game in this phase · 17 steps
    1. Wind ×3
    2. Bot LabEat Bot Labreclaimed for its metal
    3. OrcaSubmarinedone 3:37 · typical 4:20
    4. Wind
    5. Energy storage
    6. Mex
    7. RiptideFrigatedone 3:59 · typical 4:46
    8. Mex
    9. Converter
    10. Death CavalryDeath Cavalry
    11. Mex
    12. Converter
    13. HerringMissile corvette
    14. Mex
    15. Construction ShipCon ship
    16. Radar TowerRadar Tower ×2
    17. ThistleThistle
  4. 4

    5:00 to 10:00

    Economy
    • Metal Extractor2Mex
    • Wind Turbine6Wind−8 vs standard
    • Energy Converter3Converter+3 vs standard
    Order
    1. Geothermal PowerplantGeo after 9 mex, 9 wind, 2 converterin 77% of games
    Builders
    • Construction Turret1 Con turret
    • Death Cavalry2 Death Cavalry
    • Construction Ship1 Con ship
    Army
    • Guard2 Guard
    • Riptide5 Frigate
    • Herring2 Missile corvette

    Some games also: Thistle (42%) · submarine (31%) · Urchin (30%)

    By 10:00 in all: 10 mex · 13 wind (standard 21) · 1 geo · 4 converter (standard 2) · 1 energy storage · 2 con turret

    The example game in this phase · 69 steps
    1. RiptideFrigate
    2. Mex
    3. RiptideFrigate
    4. GuardGuard
    5. HerringMissile corvette
    6. Mex
    7. OppressorDestroyerdone 6:10 · typical 5:58
    8. Wind
    9. GuardGuard
    10. Naval Radar / Sonar TowerNaval Radar / Sonar Tower
    11. Death CavalryDeath Cavalry
    12. Wind
    13. RiptideFrigate
    14. Wind
    15. RiptideFrigate
    16. Wind
    17. Mex
    18. Naval Radar / Sonar TowerNaval Radar / Sonar Tower
    19. RiptideFrigate
    20. Geothermal PowerplantGeodone 8:53 · typical 8:11
    21. HerringMissile corvette
    22. Advanced Metal ExtractorT2 mexdone 8:34
    23. OppressorDestroyer
    24. Naval Radar / Sonar TowerNaval Radar / Sonar Tower
    25. Advanced Metal ExtractorT2 mex
    26. Naval Radar / Sonar TowerNaval Radar / Sonar Tower
    27. Death CavalryDeath Cavalry
    28. Converter
    29. RiptideFrigate
    30. Con turret
    31. Converter
    32. Naval Radar / Sonar TowerNaval Radar / Sonar Tower
    33. Converter
    34. RiptideFrigate ×2
    35. Converter
    36. Advanced Metal ExtractorT2 mex
    37. HerringMissile corvette
    38. OppressorDestroyer
    39. Naval Radar / Sonar TowerNaval Radar / Sonar Tower
    40. Converter
    41. Death CavalryDeath Cavalry
    42. Converter
    43. RiptideFrigate ×3
    44. HerringMissile corvette
    45. OppressorDestroyer
    46. Advanced Metal ExtractorT2 mex
    47. Naval Radar / Sonar TowerNaval Radar / Sonar Tower
    48. Death CavalryDeath Cavalry
    49. Mex
    50. RiptideFrigate ×3
    51. HerringMissile corvette
    52. OppressorDestroyer
    53. Death CavalryDeath Cavalry
    54. RiptideFrigate ×3
    55. ShipyardShipyarddone 13:29
    56. HerringMissile corvette
    57. OppressorDestroyer
    58. RiptideFrigate
    59. Death CavalryDeath Cavalry
    60. RiptideFrigate ×5
    61. Death CavalryDeath Cavalry ×2
    62. RiptideFrigate ×2
    63. Advanced Metal ExtractorT2 mex
    64. RiptideFrigate ×3
    65. Naval Construction Turret
    66. Construction ShipCon ship
    67. HerringMissile corvette
    68. Naval Construction Turret
    69. Construction ShipCon ship

Counts are medians over the build's games: half of them build more, half fewer. The example game is happy_'s (31 OS, 11/08/2026); pick another.

Team trades

IN AT LEAST 30% OF ITS GAMES

You hand over

  • Wind Turbine2 Wind to Airfirst at 1:41 · in 76% of games

You get

  • Finch1 Finch from Airfirst at 1:52 · in 82% of games
  • Hercules1 Light transport from Airfirst at 2:00 · in 77% of games
  • Advanced Construction Bot1 T2 con bot from Techfirst at 7:43 · in 90% of games

How it plays out

Typical game of this build, running totals by minute

Metal produced

010k20k30k
0:005:0010:0015:00

metal

Enemy metal destroyed

05k10k
0:005:0010:0015:00

metal

Own metal lost

02.5k5k7.5k
0:005:0010:0015:00

metal

1468 games.

Show as table
ByMetal produced: This buildEnemy metal destroyed: This buildOwn metal lost: This build
1:0039800
2:0092900
3:00155300
4:002866050
5:00405815052
6:005406465250
7:006882923548
8:0085581545891
9:001040624361331
10:001256734842022
11:001517146192758
12:001819760363685
13:002154972644451
14:002530985845348
15:002911599426357
WHAT THE NUMBERS SAY

This is the role's own baseline, winning a bit over half its games with steady eco scaling and sea trades roughly matching losses.

  • + Team wins slightly over half of games played.
  • + Metal production scales from ~4k to ~29.5k by 15:00.
  • − Own metal lost climbs to 6875 by 15:00, matching kills closely.
  • − T2 factory only reached in 40% of games, limiting late power.
THE EXAMPLE YOU ARE READING

happy_

31.2 OS · 11/08/2026

Open source match ↗

3 received units · includes a constructor
432 metal received · 87015 energy received

Allied construction assistance is unknown. Timings are observations, not a promise of solo reproducibility.

Typical milestones

Bot Lab1:12Middle 50%: 1:08–1:21 · n=1459
Shipyard3:20Middle 50%: 3:02–3:39 · n=1463
Orca4:20Middle 50%: 3:51–5:03 · n=951
Riptide4:46Middle 50%: 4:11–5:29 · n=1420
Oppressor5:58Middle 50%: 5:13–6:46 · n=1373
Geothermal Powerplant8:11Middle 50%: 7:11–9:24 · n=1397
Advanced Metal Extractor9:24Middle 50%: 8:48–10:22 · n=1292

Played most by

Elpoloow113games of this buildhihimik73games of this buildSHOGVN59games of this buildAlphacure56games of this buildPRO_Rerory52games of this build